 Dungeon Crawl Stone Soup version 0.13.1-27-ga479965 (webtiles) character file.

53688 Tafferling the Markscentaur (level 14, -13/111 HPs)
             Began as a Centaur Arcane Marksman on Jan 19, 2014.
             Was an Elder of Okawaru.
             Killed from afar by Aizul (30 damage)
             ... with a poison arrow
             ... on Level 14 of the Dungeon on Jan 27, 2014.
             The game lasted 07:35:42 (32498 turns).

Tafferling the Markscentaur (CeAM)                 Turns: 32498, Time: 07:35:42

HP -13/111       AC 15     Str 15      XL: 14   Next: 24%
MP  26/26        EV  8     Int 12      God: Okawaru [****..]
Gold 1894        SH  0     Dex 13      Spells:  3 memorised, 12 levels left

Res.Fire  : + + +   See Invis. : .   r - +6,+5 falchion "Ymur" {slice, rF+ MR+}
Res.Cold  : x . .   Warding    : +   z - +2 robe {MR+}
Life Prot.: + . .   Conserve   : .   (no shield)
Res.Poison: .       Res.Corr.  : .   S - +2 horned helmet
Res.Elec. : .       Clarity    : .   U - +0 elf cloak (curse)
Sust.Abil.: . .     Spirit.Shd : .   A - +0 pair of gloves
Res.Mut.  : .       Stasis     : .   V - +0 centaur barding {Fly}
Res.Rott. : .       Flight     : .   j - amulet of warding
Saprovore : . . .                    n - ring of fire
                                     o - ring of protection from fire

@: very poisoned, very slightly contaminated, hasted, very quick, very resistant
to hostile enchantments, unstealthy
A: hooves 3, deformed body, herbivore 1, speed 2, fast metabolism 1, tough skin
3
a: Heroism, Renounce Religion, Evoke Flight


You were on level 14 of the Dungeon.
You worshipped Okawaru.
Okawaru was greatly pleased with you.
You were not hungry.

You visited 5 branches of the dungeon, and saw 24 of its levels.

You collected 1844 gold pieces.

Inventory:

Hand weapons
 b - a +0,+0 bow
 r - the +6,+5 falchion "Ymur" (weapon) {slice, rF+ MR+}
   (You took it off a goblin on level 6 of the Dungeon)

   It inflicts extra damage upon your enemies.
   It protects you from fire.
   It affects your resistance to hostile enchantments.
 Q - a +2,+2 longbow of flame
 Y - a +4,+3 scimitar of flaming
Missiles
 c - 7 arrows
 C - 39 poisoned arrows
 E - 16 arrows of dispersal
 I - 55 darts (quivered)
 K - 29 arrows of frost
 N - 11 arrows of flame
Armour
 t - a +0 troll hide
 z - a +2 robe of magic resistance (worn)
 A - a +0 pair of gloves (worn)
 D - a +1 centaur barding
 O - a +1 dwarven chain mail of poison resistance
 S - a +2 horned helmet (worn)
 U - a cursed +0 elven cloak (worn)
 V - a +0 centaur barding of flying (worn)
Magical devices
 p - a wand of polymorph (6)
 y - a wand of slowing (11)
 F - a wand of paralysis (12)
 J - a wand of confusion (6) {unknown}
 L - a wand of disintegration (10)
 M - a wand of draining (6)
 R - a wand of lightning (3)
 X - a wand of flame (11)
Comestibles
 f - 11 bread rations
 i - 2 chokos
 B - 2 meat rations
Scrolls
 e - a scroll of teleportation
 k - a scroll of blinking
 m - 2 scrolls of remove curse
 q - a scroll of enchant armour
 W - 2 scrolls of enchant weapon II
Jewellery
 j - an amulet of warding (around neck)
 n - a ring of fire (right hand)
 o - a ring of protection from fire (left hand)
 x - an uncursed ring of ice
 G - an uncursed amulet of faith
Potions
 a - a potion of restore abilities
 h - 3 potions of flight
 l - a potion of speed
 s - 4 potions of agility
 u - a potion of brilliance
 v - 3 potions of curing
 w - 2 potions of resistance
 H - a potion of mutation
 T - 2 potions of invisibility
 Z - 2 potions of berserk rage
Books
 d - a book of Debilitation

   Spells                             Type                      Level
   *Corona                            Hexes                        1
   *Slow                              Hexes                        2
   Inner Flame                        Hexes/Fire                   3
   Enslavement                        Hexes                        4
   *Cause Fear                        Hexes                        4
   Leda's Liquefaction                Hexes/Earth                  4
 P - a book of Wizardry

   Spells                             Type                      Level
   Summon Elemental                   Summoning                    4
   Agony                              Necromancy                   5
   Force Lance                        Conjuration                  5
   Fireball                           Conjuration/Fire             5
   Haste                              Charms                       6
   Invisibility                       Hexes                        6


   Skills:
 * Level 8.4 Fighting
 - Level 6.0 Long Blades
 + Level 20.2 Bows
 - Level 1.5 Dodging
   Level 0.0 Shields
 - Level 3.4 Spellcasting
 - Level 10.1 Hexes
 - Level 10.5 Invocations
 * Level 4.0 Evocations


You had 12 spell levels left.
You knew the following spells:

 Your Spells              Type           Power        Failure   Level  Hunger
a - Corona                Hex            ####...      1%          1    #......
b - Slow                  Hex            ####....     1%          2    ##.....
c - Cause Fear            Hex            ####......   3%          4    #####..


Dungeon Overview and Level Annotations

Branches:
Dungeon (14/27)            Temple (1/1) D:6             Orc (2/4) D:10
   Lair (6/8) D:10         Shoals (1/5) Lair:4       Spider (0/5) Lair:3
  Slime (0/6) Lair:6

Altars:
Ashenzari
Cheibriados
Elyvilon
Fedhas
Kikubaaqudgha
Makhleb
Nemelex Xobeh
Okawaru
Sif Muna
Trog
Vehumet
Xom
Yredelemnul
the Shining One
Jiyva

Shops:
D:14 }   Orc:2 =

Annotations:
D:14 Aizul


Innate Abilities, Weirdness & Mutations

You have hooves in place of feet.
Armour fits poorly on your strangely shaped body.
You digest meat inefficiently.
You cover ground very quickly.
You have a fast metabolism.
You have extremely tough skin (AC +3).


Message History

You feel much better. Aizul casts a spell at you. The poison arrow misses you.
Drink which item? (? for menu, Esc to quit)
You feel yourself speed up.
You are very lightly contaminated with residual magic.
Aizul casts a spell at you. The bolt of poison hits you!
You are poisoned.
* * * LOW HITPOINT WARNING * * *
Drink which item? (? for menu, Esc to quit)
You feel better.
Aizul coils himself and waves his upper body at you.
The bolt of poison hits you!
You are poisoned.
* * * LOW HITPOINT WARNING * * *
Aizul casts a spell at you. The poison arrow hits you!
You are more poisoned.
You die...

>..................#≈.%♣..≈
.............%............
........8...........♣._.♣.
.................)........
............%....#≈..♣..≈
#####............#≈≈...≈
#............###.S.#
#...........S.....##
#.....@..........##
#................
#................#
#................#
#................#
#........[.......#
#.........)......#
#................#
#................#


You could see Aizul.

Vanquished Creatures
  Kirke (D:14)
  Azrael (D:14)
  Snorg (D:13)
  Fannar (Lair:4)
  Josephine (D:10)
  3 hydras
  Nessos (D:12)
  Erica (Lair:4)
  Urug (D:12)
  Nergalle (Lair:1)
  An unseen horror (D:14)
  6 hill giants
  Pikel (D:9)
  Joseph (D:10)
  An orc knight (D:11)
  11 elephants
  4 black mambas
  A griffon (Lair:4)
  2 cyclopes
  Maurice (D:8)
  Psyche (Orc:1)
  A fire drake (Lair:5)
  6 spiny frogs
  5 trolls
  Grinder (D:3)
  A hydra zombie (D:10)
  A polar bear (Lair:4)
  6 komodo dragons
  Prince Ribbit (D:8)
  4 blink frogs (Lair:3)
  3 slime creatures
  A two-headed ogre (D:12)
  A basilisk (Lair:5)
  A grizzly bear (Lair:4)
  4 fire elementals
  2 hogs (D:14)
  A hill giant zombie (D:14)
  A wyvern (D:14)
  Eustachio (D:10)
  36 yaks
  A steam dragon (D:10)
  14 wolves
  5 hippogriffs
  A hill giant skeleton (D:10)
  4 manticores
  A rock worm (D:11)
  A soldier ant (D:12)
  3 mottled dragons
  2 vampire mosquitoes (D:13)
  A necrophage (D:10)
  3 hungry ghosts
  3 hell hounds (D:14)
  A black bear (D:10)
  3 sky beasts
  3 centaurs
  10 ogres
  3 porcupines
  10 orc warriors
  5 ice beasts
  A phantom (D:9)
  2 wargs (Orc:1)
  Sigmund (D:3)
  Duvessa (Orc:1)
  12 crocodiles
  4 giant slugs
  A big kobold (D:10)
  A cyclops zombie (D:10)
  Blork the orc (D:6)
  25 water moccasins
  11 giant frogs
  5 agate snails
  A cyclops skeleton (D:10)
  2 eyes of draining
  A hippogriff zombie (D:8)
  A hippogriff skeleton (D:5)
  A jelly (D:10)
  4 wights (D:11)
  A jellyfish (Lair:5)
  A troll skeleton (D:13)
  9 killer bees
  7 goliath beetles
  2 quasits
  An electric eel (Lair:5)
  6 crimson imps
  Dowan (Orc:1)
  5 hounds
  2 big fish (Lair:5)
  A two-headed ogre zombie (D:13)
  23 orc priests
  A gnoll shaman (D:7)
  34 orc wizards
  4 scorpions
  3 two-headed ogre skeletons
  A water moccasin skeleton (D:7)
  11 worker ants
  12 iguanas
  15 sheep
  Jessica (D:3)
  A mottled dragon zombie (D:14)
  A big kobold skeleton (D:10)
  An ogre skeleton (D:5)
  A hound skeleton (D:10)
  A worker ant zombie (D:8)
  13 gnolls
  32 adders
  47 green rats
  2 giant centipedes
  2 giant mites (Lair:3)
  An inept feature mimic (D:2)
  12 worms
  An iguana zombie (D:6)
  An adder zombie (D:8)
  An adder skeleton (D:6)
  4 giant eyeballs
  10 giant geckos
  An ooze (D:2)
  144 orcs
  2 ball pythons (D:3)
  20 bats
  A bat skeleton (D:5)
  A grey rat (D:10)
  15 hobgoblins
  17 kobolds
  8 quokkas
  4 giant cockroaches
  5 giant newts
  2 giant spores (D:7)
  18 goblins
  27 jackals
  2 kobold skeletons
  An orc skeleton (D:8)
  15 rats
  A rat skeleton (D:8)
  A spectral orc (D:10)
  5 ballistomycetes (D:7)
  2 fungi (Lair:5)
  4 plants
836 creatures vanquished.

Vanquished Creatures (others)
  A slave (D:9)
  An adder (D:9)
  2 orcs (D:14)
  2 humans (D:14)
  A quokka (D:14)
  A rat (D:9)
  3 fungi (Lair:5)
  14 plants
25 creatures vanquished.

Grand Total: 861 creatures vanquished

Notes
Turn   | Place    | Note
--------------------------------------------------------------
     0 | D:1      | Tafferling, the Centaur Arcane Marksman, began the quest for the Orb.
     0 | D:1      | Reached XP level 1. HP: 16/16 MP: 1/1
   491 | D:1      | Reached skill level 3 in Bows
   533 | D:1      | Reached XP level 2. HP: 17/23 MP: 2/2
  1564 | D:2      | Reached XP level 3. HP: 28/28 MP: 4/4
  1576 | D:2      | Reached skill level 4 in Bows
  2398 | D:2      | Reached skill level 5 in Bows
  2448 | D:3      | Reached XP level 4. HP: 21/35 MP: 4/4
  2468 | D:3      | Noticed Jessica
  2485 | D:3      | Killed Jessica
  2567 | D:3      | Noticed Grinder
  2593 | D:3      | Paralysed by Grinder for 4 turns
  2662 | D:3      | Killed Grinder
  2662 | D:3      | Reached skill level 8 in Bows
  2662 | D:3      | Reached XP level 5. HP: 25/40 MP: 6/6
  2662 | D:3      | Reached XP level 6. HP: 29/47 MP: 7/7
  2866 | D:3      | Noticed Sigmund
  2890 | D:3      | Killed Sigmund
  2890 | D:3      | Reached skill level 9 in Bows
  3685 | D:4      | Reached XP level 7. HP: 47/52 MP: 7/7
  3738 | D:4      | Reached skill level 10 in Bows
  4403 | D:5      | Entered Level 5 of the Dungeon
  4551 | D:5      | Reached skill level 11 in Bows
  5082 | D:5      | Learned a level 2 spell: Slow
  5439 | D:6      | Reached XP level 8. HP: 60/60 MP: 9/9
  5520 | D:6      | Noticed a hill giant
  5661 | D:6      | Killed a hill giant
  5661 | D:6      | Reached skill level 12 in Bows
  6121 | D:6      | Noticed Blork the orc
  6141 | D:6      | Killed Blork the orc
  6141 | D:6      | Reached skill level 13 in Bows
  6175 | D:6      | Found a staircase to the Ecumenical Temple.
  6215 | Temple   | Entered the Ecumenical Temple
  6224 | Temple   | Became a worshipper of Warmaster Okawaru
  6584 | D:6      | Reached skill level 5 in Hexes
  6867 | D:6      | Got a dazzling falchion
  7196 | D:6      | Noticed a troll
  7282 | D:6      | Killed a troll
  7282 | D:6      | Reached XP level 9. HP: 59/66 MP: 4/10
  7717 | D:6      | Acquired Okawaru's first power
  7781 | D:7      | Found a burning altar of Makhleb.
  7822 | D:7      | Reached skill level 14 in Bows
  7944 | D:7      | Found a snail-covered altar of Cheibriados.
  7945 | D:7      | Identified the falchion "Ymur" {slice, rF+ MR+} (You took it off a goblin on level 6 of the Dungeon)
  8653 | D:8      | Reached skill level 15 in Bows
  8684 | D:8      | Noticed Prince Ribbit
  8744 | D:8      | Killed Prince Ribbit
  8824 | D:8      | Noticed Maurice
  8894 | D:8      | Killed Maurice
  9131 | D:8      | Paralysed by a giant eyeball for 3 turns
  9204 | D:8      | Received a gift from Okawaru
  9204 | D:8      | Reached XP level 10. HP: 70/72 MP: 8/11
  9809 | D:9      | Found a shimmering altar of Xom.
  9835 | D:9      | Reached skill level 16 in Bows
 10673 | D:9      | Noticed Pikel
 10766 | D:9      | Killed Pikel
 10766 | D:9      | Reached skill level 17 in Bows
 11050 | D:10     | Entered Level 10 of the Dungeon
 11173 | D:10     | Received a gift from Okawaru
 11275 | D:10     | Noticed a hill giant
 11374 | D:10     | Killed a hill giant
 11374 | D:10     | Received a gift from Okawaru
 11507 | D:10     | Found a staircase to the Orcish Mines.
 11647 | D:10     | Reached XP level 11. HP: 20/78 MP: 4/12
 11862 | D:10     | Noticed Josephine
 11868 | D:10     | Noticed Eustachio
 11890 | D:10     | Killed Josephine
 11923 | D:10     | Received a gift from Okawaru
 11923 | D:10     | Reached skill level 18 in Bows
 11969 | D:10     | Killed Eustachio
 12210 | D:10     | Acquired Okawaru's second power
 12210 | D:10     | Received a gift from Okawaru
 12364 | D:10     | Noticed a hill giant
 12388 | D:10     | Killed a hill giant
 12765 | D:10     | Upgraded the game from 0.13.1-25-g341c717 to 0.13.1-26-g838d096
 12914 | D:10     | Noticed Joseph
 12956 | D:10     | Killed Joseph
 13037 | D:10     | Got an ancient dagger
 13048 | D:10     | Found a staircase to the Lair.
 13108 | D:10     | Received a gift from Okawaru
 13226 | Lair:1   | Entered Level 1 of the Lair of Beasts
 13290 | Lair:1   | Received a gift from Okawaru
 13508 | Lair:1   | Reached skill level 19 in Bows
 13661 | Lair:1   | Identified the cursed dagger "Cirilotz" {elec, rPois} (You found it on level 10 of the Dungeon)
 15119 | Lair:2   | Noticed a five-headed hydra
 15652 | Lair:1   | Learned a level 4 spell: Cause Fear
 16058 | Lair:2   | Noticed Nergalle
 16090 | Lair:1   | HP: 3/78 [Nergalle/bolt of negative energy (29)]
 16517 | D:11     | Reached skill level 10 in Hexes
 16573 | D:11     | Reached XP level 12. HP: 73/85 MP: 12/14
 16650 | D:11     | Noticed a hill giant
 16729 | D:11     | Killed a hill giant
 17000 | D:11     | Got a dazzling dagger
 17059 | D:10     | Identified the cursed dagger "Qiberafiu" {pain, Hunger+ rF+ Stlth+} (You found it on level 11 of the Dungeon)
 17087 | Orc:1    | Entered Level 1 of the Orcish Mines
 17423 | Orc:1    | Noticed Psyche
 17431 | Orc:1    | Reached skill level 1 in Invocations
 17666 | Orc:1    | Killed Psyche
 18045 | Orc:1    | Noticed Duvessa
 18048 | Orc:1    | Noticed Dowan
 18055 | Orc:1    | Killed Dowan
 18092 | Orc:1    | Killed Duvessa
 18331 | Orc:1    | Received a gift from Okawaru
 18555 | Orc:1    | Upgraded the game from 0.13.1-26-g838d096 to 0.13.1-27-ga479965
 18930 | Orc:2    | Found Gremaal's Jewellery Shop.
 19967 | Lair:1   | Killed Nergalle
 19967 | Lair:1   | Reached skill level 1 in Long Blades
 20239 | Lair:2   | Killed a five-headed hydra
 21618 | Lair:3   | Received a gift from Okawaru
 21618 | Lair:3   | Reached skill level 5 in Fighting
 21646 | Lair:3   | Found a hole to the Spider Nest.
 21718 | Lair:3   | Reached skill level 5 in Invocations
 22132 | Lair:4   | Noticed Fannar
 22186 | Lair:3   | Received a gift from Okawaru
 22654 | Lair:4   | Noticed Erica
 23069 | Lair:4   | Found a staircase to the Shoals.
 23147 | Lair:4   | Killed Erica
 23592 | Lair:4   | Noticed an eight-headed hydra
 23674 | Lair:4   | Killed an eight-headed hydra
 23674 | Lair:4   | Reached XP level 13. HP: 57/97 MP: 8/21
 23773 | Lair:4   | Killed Fannar
 23998 | Lair:4   | Found a white marble altar of Elyvilon.
 24528 | Shoals:1 | Entered Level 1 of the Shoals
 25594 | Lair:4   | Received a gift from Okawaru
 26103 | Lair:5   | Received a gift from Okawaru
 26103 | Lair:5   | Reached skill level 5 in Long Blades
 26937 | Lair:5   | Received a gift from Okawaru
 27510 | Lair:6   | Found a staircase to the Slime Pits.
 27511 | Lair:6   | Found a viscous altar of Jiyva.
 27604 | Lair:6   | Received a gift from Okawaru
 27638 | Lair:6   | Reached skill level 10 in Invocations
 27708 | Lair:6   | HP: 3/97 [spiny frog (23)]
 27724 | Lair:6   | HP: 2/97 [spiny frog (17)]
 27928 | Lair:5   | Received a gift from Okawaru
 28018 | Lair:5   | Received a gift from Okawaru
 28675 | D:11     | Received a gift from Okawaru
 28681 | D:11     | Got a pair of twisted gloves {god gift}
 28736 | D:11     | Identified the +1 pair of gloves of Riugyloc {Dex-5 Int-1 Curse} (Okawaru gifted it to you on level 11 of the Dungeon)
 29338 | D:12     | Noticed Urug
 29364 | D:12     | Killed Urug
 29584 | D:12     | Noticed Nessos
 29606 | D:12     | Killed Nessos
 29848 | D:12     | Reached skill level 20 in Bows
 30248 | D:13     | Reached skill level 1 in Evocations
 31048 | D:14     | Entered Level 14 of the Dungeon
 31129 | D:14     | Reached XP level 14. HP: 106/110 MP: 26/26
 31218 | D:14     | Noticed Azrael
 31269 | D:14     | Noticed Kirke
 31316 | D:14     | Killed Azrael
 31378 | D:14     | Noticed Snorg
 31463 | D:13     | Killed Snorg
 31882 | D:14     | Killed Kirke
 31891 | D:14     | Received a gift from Okawaru
 32378 | D:14     | Found Cekk's Gadget Shop.
 32393 | D:14     | Found a white marble altar of Elyvilon.
 32487 | D:14     | Noticed Aizul
 32498 | D:14     | Killed from afar by Aizul

Action                   |  1- 3 |  4- 6 |  7- 9 | 10-12 | 13-15 || total
-------------------------+-------+-------+-------+-------+-------++-------
Melee: Bow               |     9 |       |     3 |     3 |       ||    15
       Unarmed           |    20 |       |       |       |       ||    20
       Whip              |    74 |    31 |   157 |       |       ||   262
       Falchion          |       |       |    51 |   790 |   449 ||  1290
       Dagger            |       |       |       |     5 |       ||     5
       Staff             |       |       |       |     2 |       ||     2
 Fire: Bow               |    52 |    80 |   318 |   936 |   557 ||  1943
       Blowgun           |       |       |       |     6 |       ||     6
       Longbow           |       |       |       |       |   190 ||   190
Throw: Dart              |       |     4 |     4 |    20 |       ||    28
       Dagger            |       |     1 |     2 |       |       ||     3
       Throwing net      |       |     1 |     3 |       |       ||     4
       Spear             |       |       |     9 |     2 |       ||    11
 Cast: Corona            |       |       |    33 |    67 |    13 ||   113
       Slow              |       |       |    20 |    79 |    29 ||   128
Invok: Heroism           |       |       |       |    11 |     4 ||    15
       Finesse           |       |       |       |     4 |     3 ||     7
Evoke: Wand              |       |       |       |     5 |     7 ||    12
  Use: Scroll            |       |       |    11 |    17 |     6 ||    34
       Potion            |       |       |     1 |     2 |    10 ||    13
 Stab: Sleeping          |       |       |       |     1 |       ||     1
       Distracted        |       |       |       |       |     1 ||     1
